SA
ALAMEDA AIRMEN @ KENNESAW JETS
08/20/2028
 
TOP OF THE 1ST
Alameda Airmen batting - Pitching for Kennesaw Jets : LHP Manuel Ceja
Pitching: LHP Manuel Ceja
Batting: LHB Rodrigo Rodríguez 0-0: Ball
1-0: Ball
2-0: Foul Ball, location: 2F
2-1: Called Strike
2-2: Ball
3-2: Strikes out swinging
Batting: RHB Mick Spargo 0-0: Called Strike
0-1: SINGLE (Line Drive, 6M)
Batting: RHB Esteban Vázquez 0-0: Ball
1-0: Called Strike
1-1: Ball
2-1: Called Strike
2-2: Ball
3-2: DOUBLE (Line Drive, 7LM)
Mick Spargo to third
Batting: RHB Gérard Chesnutt 0-0: Fly out, F6 (Popup, 5D)
Batting: SHB Charles Weber 0-0: Foul Ball, location: 2F
0-1: Foul Ball, location: 2F
0-2: Ball
1-2: Ball
2-2: Ball
3-2: Fly out, F9 (Flyball, 9S)
Top of the 1st over - 0 run(s), 2 hit(s), 0 error(s), 2 left on base; Alameda 0 - Kennesaw 0
BOTTOM OF THE 1ST
Kennesaw Jets batting - Pitching for Alameda Airmen : RHP Patrick Buzard
Pitching: RHP Patrick Buzard
Batting: RHB José Luna 0-0: Called Strike
0-1: Fly out, F8 (Line Drive, 8RS)
Batting: LHB Manuel Márquez 0-0: Fly out, F8 (Flyball, 8RM)
Batting: RHB José Leyva 0-0: Foul Ball, location: 2F
0-1: Ball
1-1: Fly out, F9 (Flyball, 9S)
Bottom of the 1st over - 0 run(s), 0 hit(s), 0 error(s), 0 left on base; Alameda 0 - Kennesaw 0
TOP OF THE 2ND
Alameda Airmen batting - Pitching for Kennesaw Jets : LHP Manuel Ceja
Batting: RHB Arturo Urquiza 0-0: Ball
1-0: Ball
2-0: Ball
3-0: Called Strike
3-1: Called Strike
3-2: Fly out, F8 (Flyball, 89S)
Batting: RHB Pedro Flores 0-0: Ground out 6-3 (Groundball, 6)
Batting: LHB Lukas Gleirscher 0-0: Called Strike
0-1: Ball
1-1: Fly out, F6 (Line Drive, 6)
Top of the 2nd over - 0 run(s), 0 hit(s), 0 error(s), 0 left on base; Alameda 0 - Kennesaw 0
BOTTOM OF THE 2ND
Kennesaw Jets batting - Pitching for Alameda Airmen : RHP Patrick Buzard
Batting: RHB Omar Durán 0-0: Foul Ball, location: 2F
0-1: Fly out, F9 (Flyball, 9LMF)
Batting: RHB Diego Romero 0-0: Ball
1-0: Ball
2-0: Ball
3-0: Base on Balls
Batting: SHB Pat Sargent 0-0: Ball
1-0: Ball
2-0: Ground out 4-3 (Groundball, 34)
Diego Romero to second
Batting: RHB Gen Matsubara 0-0: Fly out, F9 (Flyball, 9)
Bottom of the 2nd over - 0 run(s), 0 hit(s), 0 error(s), 1 left on base; Alameda 0 - Kennesaw 0
TOP OF THE 3RD
Alameda Airmen batting - Pitching for Kennesaw Jets : LHP Manuel Ceja
Batting: RHB Fernando Miranda 0-0: Ball
1-0: Ball
2-0: Ground out U3 (Groundball, 34)
Batting: LHB Rodrigo Rodríguez 0-0: Called Strike
0-1: Ball
1-1: Fly out, F2 (Popup, 5S)
Batting: RHB Mick Spargo 0-0: Foul Ball, location: 2F
0-1: Swinging Strike
0-2: Ball
1-2: Ball
2-2: DOUBLE (Line Drive, 9LS)
Batting: RHB Esteban Vázquez 0-0: Ball
1-0: Ball
2-0: SINGLE (Flyball, 8LS)
Mick Spargo to third
Runner from 3rd tries for Home, SAFE, no throw
Batting: RHB Gérard Chesnutt 0-0: Called Strike
0-1: Ball
1-1: Ball
2-1: Fielders Choice at 2nd, 4-6 (Groundball, 34D)
Top of the 3rd over - 1 run(s), 2 hit(s), 0 error(s), 0 left on base; Alameda 1 - Kennesaw 0
BOTTOM OF THE 3RD
Kennesaw Jets batting - Pitching for Alameda Airmen : RHP Patrick Buzard
Batting: RHB Lester Kwiatkowski 0-0: Ground out 1-3 (Groundball, 13S)
Batting: RHB Jason Hopdown 0-0: Swinging Strike
0-1: Ball
1-1: Foul Ball, location: 2F
1-2: Strikes out looking
Batting: RHB José Luna 0-0: Called Strike
0-1: Fly out, F8 (Flyball, 8LM)
Bottom of the 3rd over - 0 run(s), 0 hit(s), 0 error(s), 0 left on base; Alameda 1 - Kennesaw 0
TOP OF THE 4TH
Alameda Airmen batting - Pitching for Kennesaw Jets : LHP Manuel Ceja
Batting: SHB Charles Weber 0-0: Ball
1-0: Called Strike
1-1: Foul Ball, location: 2F
1-2: Strikes out looking
Batting: RHB Arturo Urquiza 0-0: Called Strike
0-1: Ball
1-1: Called Strike
1-2: Fly out, F8 (Flyball, 8LM)
Batting: RHB Pedro Flores 0-0: Ground out 5-3 (Groundball, 56S)
Top of the 4th over - 0 run(s), 0 hit(s), 0 error(s), 0 left on base; Alameda 1 - Kennesaw 0
BOTTOM OF THE 4TH
Kennesaw Jets batting - Pitching for Alameda Airmen : RHP Patrick Buzard
Batting: LHB Manuel Márquez 0-0: Foul Ball, location: 2F
0-1: Ground out 4-3 (Groundball, 34)
Batting: RHB José Leyva 0-0: Ball
1-0: Ball
2-0: Called Strike
2-1: Foul Ball, location: 2F
2-2: Strikes out swinging
Batting: RHB Omar Durán 0-0: Ball
1-0: Swinging Strike
1-1: Foul Ball, location: 2F
1-2: Ball
2-2: Ball
3-2: Base on Balls
Batting: RHB Diego Romero 0-0: Fly out, F7 (Flyball, 78M)
Bottom of the 4th over - 0 run(s), 0 hit(s), 0 error(s), 1 left on base; Alameda 1 - Kennesaw 0
TOP OF THE 5TH
Alameda Airmen batting - Pitching for Kennesaw Jets : LHP Manuel Ceja
Batting: LHB Lukas Gleirscher 0-0: Called Strike
0-1: Ball
1-1: SINGLE (Line Drive, 89S)
Batting: RHB Fernando Miranda 0-0: Called Strike
0-1: Ball
1-1: Ball
2-1: Ball
3-1: 2-RUN HOME RUN (Flyball, 78XD), Distance : 396 ft
Batting: LHB Rodrigo Rodríguez 0-0: Called Strike
0-1: Foul Ball, location: 2F
0-2: Ball
1-2: Ball
2-2: Foul Ball, location: 2F
2-2: Strikes out swinging
Batting: RHB Mick Spargo 0-0: Called Strike
0-1: Ball
1-1: Ball
2-1: Called Strike
2-2: Foul Ball, location: 2F
2-2: SINGLE (Groundball, 34D)
Batting: RHB Esteban Vázquez 0-0: Ball
1-0: Called Strike
1-1: Ball
2-1: Ball
3-1: Foul Ball, location: 2F
3-2: Base on Balls
Mick Spargo to second
Batting: RHB Gérard Chesnutt 0-0: Grounds into double play, 6-4-3 (Groundball, 6D)
Top of the 5th over - 2 run(s), 3 hit(s), 0 error(s), 1 left on base; Alameda 3 - Kennesaw 0
BOTTOM OF THE 5TH
Kennesaw Jets batting - Pitching for Alameda Airmen : RHP Patrick Buzard
Batting: SHB Pat Sargent 0-0: Ball
1-0: Swinging Strike
1-1: Swinging Strike
1-2: Strikes out swinging
Batting: RHB Gen Matsubara 0-0: Called Strike
0-1: SINGLE (Groundball, 56D)
Batting: RHB Lester Kwiatkowski 0-0: Called Strike
0-1: Ball
1-1: Swinging Strike
1-2: Strikes out swinging
Batting: RHB Jason Hopdown 0-0: Called Strike
0-1: Ball
1-1: Ball
2-1: Foul Ball, location: 2F
2-2: Foul Ball, location: 2F
2-2: Ground out 3-1 (Groundball, 2R)
Bottom of the 5th over - 0 run(s), 1 hit(s), 0 error(s), 1 left on base; Alameda 3 - Kennesaw 0
TOP OF THE 6TH
Alameda Airmen batting - Pitching for Kennesaw Jets : LHP Manuel Ceja
Batting: SHB Charles Weber 0-0: Called Strike
0-1: Ball
1-1: Foul Ball, location: 2F
1-2: Ball
2-2: Ball
3-2: Foul Ball, location: 2F
3-2: SINGLE (Groundball, 56S) (infield hit)
Batting: RHB Arturo Urquiza 0-0: Called Strike
0-1: Foul Ball, location: 2F
0-2: Ball
1-2: Foul Ball, location: 2F
1-2: Ball
2-2: Ball
3-2: Foul Ball, location: 2F
3-2: Foul Ball, location: 2F
3-2: Grounds into double play, 5-4-3 (Groundball, 5)
Batting: RHB Pedro Flores 0-0: Called Strike
0-1: Foul Ball, location: 2F
0-2: Ball
1-2: Ball
2-2: Ball
3-2: Strikes out looking
Top of the 6th over - 0 run(s), 1 hit(s), 0 error(s), 0 left on base; Alameda 3 - Kennesaw 0
BOTTOM OF THE 6TH
Kennesaw Jets batting - Pitching for Alameda Airmen : RHP Patrick Buzard
Batting: RHB José Luna 0-0: Ball
1-0: Called Strike
1-1: Ball
2-1: Foul Ball, location: 2F
2-2: Strikes out swinging
Batting: LHB Manuel Márquez 0-0: Called Strike
0-1: Fly out, F8 (Flyball, 8LM)
Batting: RHB José Leyva 0-0: Ground out 6-3 (Groundball, 6)
Bottom of the 6th over - 0 run(s), 0 hit(s), 0 error(s), 0 left on base; Alameda 3 - Kennesaw 0
TOP OF THE 7TH
Alameda Airmen batting - Pitching for Kennesaw Jets : LHP Manuel Ceja
Batting: LHB Lukas Gleirscher 0-0: Foul Ball, location: 2F
0-1: Foul Ball, location: 2F
0-2: Ball
1-2: Foul Ball, location: 2F
1-2: Ball
2-2: Ball
3-2: Foul Ball, location: 2F
3-2: Base on Balls
Batting: RHB Fernando Miranda 0-0: Ball
1-0: Called Strike
1-1: Swinging Strike
1-2: Ball
2-2: Ball
3-2: Strikes out swinging
Pitching: LHP Khemera Seng
Batting: LHB Rodrigo Rodríguez 0-0: Called Strike
0-1: Called Strike
0-2: Ball
1-2: Ball
2-2: Ball
3-2: Foul Ball, location: 2F
3-2: Strikes out swinging
Batting: RHB Mick Spargo 0-0: Ball
1-0: Ground out 6-3 (Groundball, 6S)
Top of the 7th over - 0 run(s), 0 hit(s), 0 error(s), 1 left on base; Alameda 3 - Kennesaw 0
BOTTOM OF THE 7TH
Kennesaw Jets batting - Pitching for Alameda Airmen : RHP Patrick Buzard
Batting: RHB Omar Durán 0-0: Called Strike
0-1: Called Strike
0-2: Fly out, F4 (Line Drive, 4M)
Batting: RHB Diego Romero 0-0: Called Strike
0-1: Ball
1-1: Ball
2-1: Ball
3-1: Foul Ball, location: 2F
3-2: Foul Ball, location: 2F
3-2: Base on Balls
Batting: SHB Pat Sargent 0-0: Swinging Strike
0-1: Ball
1-1: Ball
2-1: Swinging Strike
2-2: Foul Ball, location: 2F
2-2: Ball
3-2: Base on Balls
Diego Romero to second
Batting: RHB Gen Matsubara 0-0: Ball
1-0: Swinging Strike
1-1: Called Strike
1-2: Strikes out swinging
Batting: RHB Lester Kwiatkowski 0-0: Called Strike
0-1: Swinging Strike
0-2: Strikes out swinging
Bottom of the 7th over - 0 run(s), 0 hit(s), 0 error(s), 2 left on base; Alameda 3 - Kennesaw 0
TOP OF THE 8TH
Alameda Airmen batting - Pitching for Kennesaw Jets : LHP Khemera Seng
Batting: RHB Esteban Vázquez 0-0: Swinging Strike
0-1: Called Strike
0-2: Foul Ball, location: 2F
0-2: Fly out, F6 (Line Drive, 6)
Batting: RHB Gérard Chesnutt 0-0: Called Strike
0-1: Swinging Strike
0-2: Strikes out looking
Batting: SHB Charles Weber 0-0: Ball
1-0: Ground out 6-3 (Groundball, 6)
Top of the 8th over - 0 run(s), 0 hit(s), 0 error(s), 0 left on base; Alameda 3 - Kennesaw 0
BOTTOM OF THE 8TH
Kennesaw Jets batting - Pitching for Alameda Airmen : RHP Patrick Buzard
Batting: RHB Jason Hopdown 0-0: Fly out, F8 (Flyball, 8LM)
Batting: RHB José Luna 0-0: Called Strike
0-1: Called Strike
0-2: Strikes out swinging
Batting: LHB Manuel Márquez 0-0: Ball
1-0: Ground out 4-3 (Groundball, 4)
Bottom of the 8th over - 0 run(s), 0 hit(s), 0 error(s), 0 left on base; Alameda 3 - Kennesaw 0
TOP OF THE 9TH
Alameda Airmen batting - Pitching for Kennesaw Jets : LHP Khemera Seng
Pitching: RHP Jong-yun Chong
Batting: RHB Arturo Urquiza 0-0: Ball
1-0: Called Strike
1-1: Ground out 1-3 (Groundball, P)
Batting: RHB Pedro Flores 0-0: Ball
1-0: SINGLE (Line Drive, 4MD)
Batting: LHB Lukas Gleirscher 0-0: Called Strike
0-1: Foul Ball, location: 2F
0-2: Ball
1-2: Strikes out swinging
Batting: RHB Fernando Miranda 0-0: Ball
1-0: Ball
2-0: Fly out, F9 (Flyball, 9S)
Top of the 9th over - 0 run(s), 1 hit(s), 0 error(s), 1 left on base; Alameda 3 - Kennesaw 0
BOTTOM OF THE 9TH
Kennesaw Jets batting - Pitching for Alameda Airmen : RHP Patrick Buzard
Pitching: RHP Marvin Cahill
Batting: RHB José Leyva 0-0: Ball
1-0: Foul Ball, location: 2F
1-1: Ball
2-1: Foul Ball, location: 2F
2-2: Foul Ball, location: 2F
2-2: Fly out, F7 (Flyball, 7S)
Batting: RHB Omar Durán 0-0: Called Strike
0-1: Swinging Strike
0-2: Fly out, F9 (Flyball, 89M)
Batting: RHB Diego Romero 0-0: Fly out, F8 (Flyball, 8LM)
Bottom of the 9th over - 0 run(s), 0 hit(s), 0 error(s), 0 left on base; Alameda 3 - Kennesaw 0
Monday, August 28th, 2017 - OOTP Baseball 17.12 Build 75